 Dungeon Crawl Stone Soup version 0.29-a0-1027-gcd8c55af63 (webtiles) character file.

Game seed: 5751097362963579224

80 imaginelosing the Chopper (level 4, 0/41 HPs)
             Began as a Minotaur Berserker on Aug 12, 2022.
             Was a Believer of Trog.
             Slain by garrulousMonolith's ghost (2 damage)
             ... on level 3 of the Dungeon.
             The game lasted 00:12:07 (3080 turns).

imaginelosing the Chopper (Minotaur Berserker)      Turns: 3080, Time: 00:12:07

Health: 0/41       AC:  2    Str: 24    XL:     4   Next: 18%
Magic:  3/3        EV: 12    Int:  4    God:    Trog [**....]
Gold:   85         SH:  0    Dex:  9    Spells: 3/3 levels left

rFire   . . .      SeeInvis .   a - +0 hand axe
rCold   . . .      Faith    .   (no shield)
rNeg    . . .      Spirit   .   b - +0 animal skin
rPois   .          Reflect  .   (helmet restricted)
rElec   .          Harm     .   (no cloak)
rCorr   .          Rampage  .   (no gloves)
Will    .....                   (no boots)
Stlth   +.........              (no amulet)
HPRegen 0.13/turn               (no ring)
MPRegen 0.08/turn               (no ring)

@: no status effects
A: horns 2, retaliatory headbutt
a: Renounce Religion, Berserk, Trog's Hand


You were on level 3 of the Dungeon.
You worshipped Trog.
Trog was pleased with you.
You visited 1 branch of the dungeon, and saw 3 of its levels.

You collected 85 gold pieces.

Inventory:

Hand Weapons
 a - a +0 hand axe (weapon)
Armour
 b - a +0 animal skin (worn)
Jewellery
 l - a ring of resist corrosion
Wands
 n - a wand of charming (11)
Scrolls
 e - 2 scrolls of teleportation {unknown}
 g - a scroll of enchant armour {unknown}
 h - 2 scrolls of magic mapping {unknown}
 j - a scroll of enchant weapon {unknown}
 m - 2 scrolls of identify {unknown}
Potions
 c - 2 potions of curing {unknown}
 d - a potion of flight {unknown}
 f - a potion of ambrosia {unknown}
 i - a potion of degeneration {unknown}
 k - a potion of brilliance {unknown}


   Skills:
 + Level 4.6 Fighting
 + Level 4.8 Axes
 + Level 2.5 Armour
 + Level 2.8 Dodging
 + Level 0.3 Stealth


You had 3 spell levels left.
You didn't know any spells.
Your spell library was empty.

Dungeon Overview and Level Annotations

Branches:
Dungeon (3/15)

Altars:

Annotations:
D:3 garrulousMonolith's ghost, weakling MiFi


Innate Abilities, Weirdness & Mutations

You have a pair of horns on your head.
You reflexively headbutt those who attack you in melee.


Message History

GarrulousMonolith's ghost attacks as you move away!
GarrulousMonolith's ghost hits you.
* * * LOW HITPOINT WARNING * * *
GarrulousMonolith's ghost attacks as you move away!
GarrulousMonolith's ghost closely misses you.
As you open the door, it creaks loudly!
A goblin comes into view. It is wielding a +0 dagger.
The goblin shouts!
GarrulousMonolith's ghost barely misses you.
GarrulousMonolith's ghost attacks as you move away!
GarrulousMonolith's ghost hits you!
* * * LOW HITPOINT WARNING * * *
GarrulousMonolith's ghost whispers, "There is no future for you."
There is an open door here.
The goblin closely misses you. You furiously retaliate!
You headbutt the goblin!
You kill the goblin!
Trog accepts your kill.
GarrulousMonolith's ghost whispers, "There is no future for you."
You see here a +0 dagger.
GarrulousMonolith's ghost attacks as you move away!
GarrulousMonolith's ghost hits you but does no damage.
You writhe in agony.
* * * LOW HITPOINT WARNING * * *
GarrulousMonolith's ghost attacks as you move away!
GarrulousMonolith's ghost closely misses you.
You hit garrulousMonolith's ghost but do no damage.
GarrulousMonolith's ghost is moderately damaged.
GarrulousMonolith's ghost barely misses you.
You closely miss garrulousMonolith's ghost.
GarrulousMonolith's ghost is moderately damaged.
GarrulousMonolith's ghost hits you.
* * * LOW HITPOINT WARNING * * *
You writhe in agony.
* * * LOW HITPOINT WARNING * * *
You barely miss garrulousMonolith's ghost.
Your headbutt misses garrulousMonolith's ghost.
GarrulousMonolith's ghost is moderately damaged.
GarrulousMonolith's ghost hits you.
You die...

####
.##########...#
.......@......#
.#####.W.......
#.....##.##
##...##
##).######
#........
#.####### ##'##
##...##


You could see garrulousMonolith's ghost.

Vanquished Creatures
  3 adders (D:2)
  3 dart slugs
  4 endoplasms
  2 giant cockroaches
  6 goblins
  3 hobgoblins
  2 kobolds (D:1)
  3 quokkas (D:1)
  6 ball pythons
  6 bats
  4 frilled lizards
  3 rats
45 creatures vanquished.

Notes
Turn   | Place    | Note
-------+----------+-------------------------------------------
     0 | D:1      | imaginelosing the Minotaur Berserker began the quest for
                  | the Orb.
     0 | D:1      | Reached XP level 1. HP: 19/19 MP: 0/0
   339 | D:1      | Reached XP level 2. HP: 12/27 MP: 1/1
  1011 | D:1      | Found a faded altar of an unknown god.
  1483 | D:2      | Reached XP level 3. HP: 28/33 MP: 2/2
  1756 | D:2      | Reached ** piety under Trog
  2554 | D:2      | Reached XP level 4. HP: 10/41 MP: 3/3
  2970 | D:3      | Found a runed translucent door.
  2999 | D:3      | Noticed garrulousMonolith's ghost (weakling MiFi)
  3079 | D:3      | HP: 2/41 [garrulousMonolith's ghost (1)]
  3080 | D:3      | Slain by garrulousMonolith's ghost

Illustrated notes

Levels and vault maps discovered:
D:1:      dpeg_arrival_chambers_temple_mockup, layout_basic,
          ebering_ecumenical_altar_mist
D:2:      layout_basic
D:3:      layout_loops_corners, kb_xom_exploding_sheep,
          nicolae_sif_muna_condensation, ebering_ghost_reflecting_pool

Skill      XL: |  1  2 |
---------------+-------+-----
Axes           | 4 |  4.8
Fighting       | 4 |  4.6
Armour         | |  2.5
Dodging        | |  2.8
Stealth        | |  0.3

Action                   |  1- 3 |  4- 6 || total
-------------------------+-------+-------++-------
Melee: Hand axe          |    73 |    10 ||    83
       Headbutt          |    11 |     2 ||    13
 Stab: Sleeping          |     1 |       ||     1
Armor: Animal skin       |    25 |     4 ||    29
Dodge: Dodged            |   100 |    14 ||   114

Table legend: (Time is in decaauts)
 A = Elapsed time spent in this place.
 B = Non-inter-level travel time spent in this place.
 C = Inter-level travel time spent in this place.
 D = Time resting spent in this place.
 E = Time spent auto-exploring this place.
 F = Levels seen in this place.
 G = Mean time per level.
                   A        B        C        D        E       F      G
               +--------+--------+--------+--------+--------+-----+--------+
         Total |   3086 |   3086 |      0 |    481 |    646 |   3 | 1028.7 |
       Dungeon |   3086 |   3086 |      0 |    481 |    646 |   3 | 1028.7 |
               +--------+--------+--------+--------+--------+-----+--------+

Top non-repeatable levels by time:
     D:2: 1477 daAuts
     D:1: 1406 daAuts
     D:3: 203 daAuts
